 Dungeon Crawl Stone Soup version 0.18-a0-775-g4d9e04e (webtiles) character file.

39 JokEr the Poker (level 3, 0/29 HPs)
             Began as a Merfolk Skald on Dec 13, 2015.
             Slain by an orc wizard
             ... wielding a +0 dagger
              (1 damage)
             ... on level 3 of the Dungeon.
             The game lasted 00:03:46 (1790 turns).

JokEr the Poker (Merfolk Skald)                     Turns: 1790, Time: 00:03:46

Health: 0/29       AC:  7    Str: 13    XL:     3   Next: 45%
Magic:  6/6        EV:  9    Int: 11    God:
Gold:   56         SH:  0    Dex: 13    Spells: 1 memorised, 5 levels left

rFire  . . .     SeeInvis .     a - +1 spear
rCold  . . .     Clarity  .     e - +0 scale mail
rNeg   . . .     SustAt   .     (no shield)
rPois  .         Gourm    .     o - +0 helmet
rElec  .         Spirit   .     (no cloak)
rCorr  .         Dismiss  .     (no gloves)
rMut   .         Stasis   .     (no boots)
MR     .....                    (no amulet)
Stlth  ..........               (no ring)
                                (no ring)

@: slowed, very slow, not resistant to hostile enchantments, extremely
unstealthy
A: change form in water, swift swim
a: no special abilities


You were on level 3 of the Dungeon.
You were not hungry.

You visited 1 branch of the dungeon, and saw 3 of its levels.

You collected 56 gold pieces.

Inventory:

Hand Weapons
 a - a +1 spear (weapon)
Armour
 e - a +0 scale mail (worn)
 o - a +0 helmet (worn)
Potions
 b - a potion of agility {unknown}
 g - a potion of cancellation {unknown}
 h - a potion of curing {unknown}
 i - a potion of flight {unknown}
 j - a potion of haste {unknown}
 k - a potion of resistance {unknown}
 l - 3 potions of heal wounds {unknown}
 m - a potion of magic {unknown}
 n - a potion of might {unknown}
Books
 c - a book of Battle

   Spells                             Type                      Level
   a - Infusion                       Charms                       1
   b - Shroud of Golubria             Charms/Translocation         2
   c - Song of Slaying                Charms                       2
   d - Spectral Weapon                Hexes/Charms                 3
   e - Regeneration                   Charms/Necromancy            3
Comestibles
 d - 3 bread rations
 f - a meat ration


   Skills:
 + Level 3.2 Fighting
 + Level 4.4 Polearms
 - Level 0.6 Armour
 - Level 1.3 Dodging
 - Level 2.0 Spellcasting
 - Level 3.2 Charms


You had 5 spell levels left.
You knew the following spells:

 Your Spells              Type           Power        Failure   Level  Hunger
a - Infusion              Chrm           #.....       38%         1    ##.....


Dungeon Overview and Level Annotations

Branches:
Dungeon (3/15)

Altars:
Pakellas
Sif Muna


Message History

The orc wizard casts a spell at you. The magic dart hits you!
* * * LOW HITPOINT WARNING * * *
The orc hits you with a hand axe.
* * * LOW HITPOINT WARNING * * *
The orc wizard points at you and mumbles some strange words.
The magic dart hits you! The orc wizard hits you with a dagger.
* * * LOW HITPOINT WARNING * * *
The orc wizard hits you but does no damage.
The orc barely misses you.
You hit the orc wizard.
The orc wizard is severely wounded.
The orc wizard hits you but does no damage. x2
The orc barely misses you.
You completely miss the orc wizard.
The orc wizard is severely wounded.
The orc wizard hits you but does no damage.
The orc completely misses you. The orc wizard hits you with a dagger.
You die...

..?.o..
###..#......
.....
#....####.##
#...#
#.##.####.#
#...#
#.##..(...#
#...#
#.##########
####...##### #.#
#...
............##
#.# ###...
...8......#o.#
#.# #.....
..#.......o@..#
#.## #.#... .
##......###.#
#..# #.#...
#.......# #.#
##.# #.####
...8.....# #.#
#.####.####
.#.......# #.#
#.#.....<.#
##......# #.#
#.#.##.##.# .
#.####.#.##..#.#
#..............#
########.###.#.#


You could see an orc wizard and an orc.

Vanquished Creatures
  An ooze (D:3)
  A giant gecko (D:1)
  A giant cockroach (D:1)
  5 hobgoblins
  2 quokkas (D:2)
  2 bats (D:1)
  3 giant newts
  7 goblins
  5 kobolds
  5 rats
32 creatures vanquished.

Notes
Turn   | Place    | Note
--------------------------------------------------------------
     0 | D:1      | JokEr the Merfolk Skald began the quest for the Orb.
     0 | D:1      | Reached XP level 1. HP: 16/16 MP: 3/3
   345 | D:1      | Reached XP level 2. HP: 18/23 MP: 5/5
  1092 | D:2      | Reached skill level 4 in Polearms
  1092 | D:2      | Reached XP level 3. HP: 29/29 MP: 6/6
  1170 | D:2      | Found a deep blue altar of Sif Muna.
  1442 | D:2      | Found an oddly glowing altar of Pakellas.
  1788 | D:3      | HP: 1/29 [orc wizard/dagger (1)]
  1790 | D:3      | Slain by an orc wizard

Vault maps used:
D:1:      mushboom_english_gardens
D:2:      grunt_pakellas_basics, led_sif_pool, kennysheep_flooded_box
D:3:      lemuel_coloured_pillars_altar, first_bread,
          minmay_misc_feat_four_crosses, uniq_jessica, uniq_sigmund

Action                   || total
-------------------------++-------
Melee: Spear             ||   131
  Use: Scroll            ||     3
  Eat: Chunk             ||     1
       Bread ration      ||     1
